 Dungeon Crawl Stone Soup version 0.32-a0-470-g255bbe2f98 (webtiles) character file.

Game seed: 13748874144529169250

26 CrazyBamboolord the Grave Robber (level 2, -1/23 HPs)
             Began as a Mountain Dwarf Necromancer on Feb 25, 2024.
             Slain by a kobold
             ... wielding a +0 whip
              (5 damage)
             ... on level 2 of the Dungeon.
             The game lasted 00:01:04 (702 turns).

CrazyBamboolord the Grave Robber (MDNe)              Turns: 702, Time: 00:01:05

Health: -1/23      AC:  2    Str: 10    XL:     2   Next: 89%
Magic:  1/5        EV: 11    Int: 15    God:
Gold:   80         SH:  0    Dex: 10    Spells: 4/5 levels left

rFire   . . .        c - +0 mace
rCold   . . .        (no shield)
rNeg    . . .        a - +0 robe
rPois   .            (no helmet)
rElec   .            (no cloak)
rCorr   .            (no gloves)
SInv    .            (no boots)
Will    .....        (no amulet)
Stlth   ++           (no ring)
HPRegen 0.23/turn    (no ring)
MPRegen 0.09/turn

%: no passive effects
@: no status effects
A: runic magic, artefact enchanting
a: no special abilities


You were on level 2 of the Dungeon.
You visited 1 branch of the dungeon, and saw 2 of its levels.

You collected 80 gold pieces.

Inventory:

Hand Weapons
 c - a +0 mace (weapon)
Armour
 a - a +0 robe (worn)
Scrolls
 d - 2 scrolls of teleportation {unknown}
Potions
 b - a potion of magic


   Skills:
 * Level 1.4 Fighting
 * Level 1.2 Armour
 - Level 1.3 Dodging
 - Level 1.4 Stealth
 * Level 2.1 Spellcasting
 + Level 4.5 Necromancy


You had 4 spell levels left.
You knew the following spells:

 Your Spells              Type           Power      Damage    Failure   Level
a - Necrotise             Necr           60%        1d7       3%          1

Your spell library contained the following spells:

 Spells                   Type           Power      Damage    Failure   Level
 Vampiric Draining        Necr           15%        2d7       10%         3
 Animate Dead             Necr           15%        N/A       32%         4
 Curse of Agony           Necr           15%        N/A       67%         5


Dungeon Overview and Level Annotations

Branches:
Dungeon (2/15)

Altars:


Innate Abilities, Weirdness & Mutations

Your spellcasting is much less encumbered by armour.
You can use scrolls of enchantment on lesser artefacts.


Message History

The adder bites you.
You hit the adder.
The adder is almost dead.
You feel sick.
You are no longer poisoned.
The jackal bites you but does no damage.
The jackal bites you. The adder misses you.
Your hobgoblin skeleton closely misses the jackal.
The jackal barely misses you.
The jackal bites you but does no damage.
Your rat skeleton closely misses the jackal.
You closely miss the adder.
The adder is almost dead.
The adder bites you. The jackal bites you.
* * * LOW HITPOINT WARNING * * *
The jackal closely misses you.
Your hobgoblin skeleton hits the jackal but does no damage.
The adder misses you.
The jackal bites you but does no damage.
The jackal closely misses you.
Your rat skeleton barely misses the jackal.
You hit the adder.
You kill the adder!
Your rat skeleton crumbles into dust!
The jackal barely misses you. x2
Your hobgoblin skeleton hits the jackal.
The jackal dies!
The kobold hits you with a +0 whip.
* * * LOW HITPOINT WARNING * * *
The jackal closely misses you.
You hit the jackal.
The jackal is almost dead.
The jackal bites you.
* * * LOW HITPOINT WARNING * * *
The kobold hits you with a +0 whip.
* * * LOW HITPOINT WARNING * * *
Your hobgoblin skeleton hits the jackal.
The jackal dies!
You barely miss the kobold. The kobold hits you with a +0 whip.
You die...

.#....#.#....#......
.......†#..#........
...#.....#.#.#. ..
#..#...#.)...# .# #
#.....##...## .#
#..##.##.#..####.#####.
#.. #........##........
#.. ###................
#. #.......@Z#..K... #
#......K†....^...
..................
##....######.......
#.#.. ....... ..##.
..$.... ....... #......
......


You could see a kobold (ally target) and a friendly hobgoblin skeleton.

Vanquished Creatures
  An adder (D:2)
  2 ball pythons (D:1)
  2 bats (D:2)
  A giant cockroach (D:1)
  2 goblins (D:1)
  A hobgoblin (D:2)
  A kobold (D:2)
  A quokka (D:2)
  A frilled lizard (D:1)
  A rat (D:2)
13 creatures vanquished.

Vanquished Creatures (collateral kills)
  2 jackals (D:2)
2 creatures vanquished.

Grand Total: 15 creatures vanquished

Notes
Turn   | Place    | Note
-------+----------+-------------------------------------------
     0 | D:1      | CrazyBamboolord the Mountain Dwarf Necromancer began the
                  | quest for the Orb.
     0 | D:1      | Reached XP level 1. HP: 14/14 MP: 3/3
   533 | D:1      | Found a faded altar of an unknown god.
   554 | D:1      | You fall into a shaft and drop 1 floor!
   562 | D:2      | Reached XP level 2. HP: 21/22 MP: 0/5
   675 | D:2      | Reached skill level 1 in Fighting
   684 | D:2      | Reached skill level 1 in Armour
   702 | D:2      | Slain by a kobold

Illustrated notes

Levels and vault maps discovered:
D:1:      eino_arrival_water_star, layout_basic,
          dreamdust_ecumenical_altar_statues, minmay_crystal_room
D:2:      layout_rooms

Skill      XL: |  1  2 |
---------------+-------+-----
Spellcasting   | 2 |  2.1
Fighting       | 1 |  1.4
Armour         | 1 |  1.2
Dodging        | |  1.3
Stealth        | |  1.4
Necromancy     | |  4.5

Action                     || total
---------------------------++-------
  Melee: Mace              ||    21
   Cast: Necrotise         ||    21
 Armour: Robe              ||    36
  Dodge: Dodged            ||    29

Table legend: (Time is in decaauts)
 A = Elapsed time spent in this place.
 B = Non-inter-level travel time spent in this place.
 C = Inter-level travel time spent in this place.
 D = Time resting spent in this place.
 E = Time spent auto-exploring this place.
 F = Levels seen in this place.
 G = Mean time per level.
                   A        B        C        D        E       F      G
               +--------+--------+--------+--------+--------+-----+--------+
         Total |    710 |    710 |      0 |     81 |    510 |   2 |  355.0 |
       Dungeon |    710 |    710 |      0 |     81 |    510 |   2 |  355.0 |
               +--------+--------+--------+--------+--------+-----+--------+

Top non-repeatable levels by time:
     D:1: 555 daAuts
     D:2: 154 daAuts
